 Dungeon Crawl Stone Soup version 0.30-a0-777-ga9a30cbeda (webtiles) character file.

Game seed: 12478778792145684918

976 Gim the Poker (level 7, -4/52 HPs)
             Began as a Demonspawn Gladiator on Feb 14, 2023.
             Slain by an ogre
             ... wielding a +0 giant club
              (11 damage)
             ... on level 5 of the Dungeon.
             The game lasted 00:27:26 (4309 turns).

Gim the Poker (Demonspawn Gladiator)                Turns: 4309, Time: 00:27:27

Health: -4/52      AC: 13    Str: 16    XL:     7   Next: 95%
Magic:  7/7        EV: 16    Int: 10    God:
Gold:   551        SH:  0    Dex: 14    Spells: 6/6 levels left

rFire   . . .      SeeInvis .    a - +1 trident
rCold   . . .      Faith    .    v - orb {light}
rNeg    + . .      Spirit   .    n - +1 ring mail
rPois   +          Reflect  .    (helmet restricted)
rElec   .          Harm     .    B - +0 cloak
rCorr   .          Rampage  .    z - +0 pair of gloves
Will    .....                    D - +2 pair of boots
Stlth   +                        (no amulet)
HPRegen 0.28/turn                o - ring of positive energy
MPRegen 0.20/turn                l - ring of poison resistance

@: agile, glowing
A: horns 1, powered by pain 1, magic regeneration
a: no special abilities


You were on level 5 of the Dungeon.
You visited 1 branch of the dungeon, and saw 6 of its levels.
You also visited: Ossuary.

You collected 551 gold pieces.

Inventory:

Hand Weapons
 a - a +1 trident (weapon)
 y - the +2 sling of Ithrabb {freeze, Int+3}
   (You found it on level 3 of the Dungeon)

   Int:       It affects your intelligence (+3).
Missiles
 d - 3 throwing nets (quivered)
 e - 4 javelins
 k - 32 stones
 p - 3 atropa-tipped darts
Armour
 b - a +0 leather armour
 c - a +0 helmet
 h - a +0 pair of boots
 i - a +0 helmet
 n - a +1 ring mail (worn)
 v - an orb of light (worn)
 z - a +0 pair of gloves (worn)
 B - a +0 cloak (worn)
 D - a +2 pair of boots (worn)
Magical Staves
 s - a staff of poison
 E - a staff of cold
Jewellery
 l - a ring of poison resistance (right hand)
 o - a ring of positive energy (left hand)
Wands
 C - a wand of mindburst (6)
 F - a wand of acid (5)
Scrolls
 j - a scroll of magic mapping
 q - a scroll of poison {unknown}
 t - a scroll of vulnerability {unknown}
 u - a scroll of identify
 A - a scroll of butterflies {unknown}
 I - a scroll of fog {unknown}
Potions
 f - a potion of brilliance
 g - 2 potions of attraction
 m - a potion of might {unknown}
 r - a potion of berserk rage
 w - 2 potions of flight
 G - 2 potions of lignification
 H - 8 potions of curing


   Skills:
 * Level 3.0 Fighting
 + Level 6.3 Polearms
 - Level 1.7 Throwing
 + Level 5.5 Armour
 - Level 2.6 Dodging


You had 6 spell levels left.
You didn't know any spells.
Your spell library contained the following spells:

 Spells                   Type           Power      Damage    Failure   Level
 Magic Dart               Conj           0%         1d3       56%         1
 Sandblast                Erth           0%         2d4       56%         1
 Call Imp                 Summ           0%         N/A       71%         2
 Passwall                 Tmut/Erth      0%         N/A       71%         2
 Searing Ray              Conj           0%         2d4       71%         2
 Mephitic Cloud           Conj/Pois/Air  0%         N/A       90%         3
 Stone Arrow              Conj/Erth      0%         3d7       90%         3
 Fulminant Prism          Conj/Hex       0%         3d5       100%        4


Dungeon Overview and Level Annotations

Branches:
Dungeon (6/15)            Ossuary (visited)
 Temple: D:4-7

Altars:

Shops:
D:1 =((:


Innate Abilities, Weirdness & Mutations

You have a pair of small horns on your head.
You sometimes gain a little power by taking damage.
You regenerate magic rapidly.


Message History

You reach to attack!
You hit the ufetubus.
The ufetubus is heavily wounded.
You closely miss the ufetubus. You headbutt the ufetubus.
You kill the ufetubus!
Your Fighting skill increases to level 3!
An ogre comes into view. It is wielding a +0 giant club.
Reach: a) +1 trident
Press: ? - help, Dir - move target, f - ogre
Aim: an ogre, wielding a +0 giant club (haloed, about 6% to evade your +1 trident)
You reach to attack!
You hit the ogre.
The ogre is lightly wounded.
You hit the ogre.
The ogre is lightly wounded.
The ogre hits you with a +0 giant club!!
You focus on the pain.
You feel agile all of a sudden.
You barely miss the ogre.
The ogre is lightly wounded.
The ogre attacks as you move away! The ogre closely misses you.
You barely miss the ogre.
The ogre is lightly wounded.
The ogre hits you with a +0 giant club!!
Ouch! That really hurt!
* * * LOW HITPOINT WARNING * * *
Aiming: Corrosive Bolt
Press: ? - help, Shift-Dir - straight line, f/p - ogre
Aim: an ogre, wielding a +0 giant club (lightly wounded, haloed, 91% to hit)
The bolt of acid hits the ogre!
The acid corrodes the ogre!
The ogre is heavily wounded.
The ogre attacks as you move away! The ogre misses you.
Press: ? - help, v - describe, . - travel A rock wall.
This square is lit by a halo.
Aiming: Corrosive Bolt
Press: ? - help, Shift-Dir - straight line, f/p - ogre
Aim: an ogre, wielding a +0 giant club (heavily wounded, covered in acid, haloed, 91% to hit)
The bolt of acid hits the ogre!
The ogre is severely wounded.
The ogre hits you with a +0 giant club!
You die...

##################
.................#
################O#
#........# #@#
#........# #.#
#........###.###
#...#..........#
#####)###..........#
...............>...#
.....#####.........#
######## #.........#
....>..# ###.#.#####


You could see an ogre (corroded).

Vanquished Creatures
  A water moccasin (D:5)
  An ogre (D:5)
  A phantom (D:5)
  4 scorpions
  2 orc priests (D:3)
  A hound (D:5)
  5 orc wizards
  8 mummies (Ossuary)
  6 adders
  An ufetubus (D:5)
  4 worms
  2 dart slugs
  The ghost of Esekla the Sneak, a weakling VSDe of Vehumet (D:5)
  13 orcs
  5 ball pythons
  5 endoplasms
  3 giant cockroaches
  2 gnoll zombies (Ossuary)
  8 goblins
  11 hobgoblins
  5 jackals
  2 kobolds
  3 quokkas
  6 bats
  3 frilled lizards
  3 hobgoblin zombies (Ossuary)
  A kobold zombie (Ossuary)
  2 orc zombies (Ossuary)
  5 rats
114 creatures vanquished.

Notes
Turn   | Place    | Note
-------+----------+-------------------------------------------
     0 | D:1      | Gim the Demonspawn Gladiator began the quest for the Orb.
     0 | D:1      | Reached XP level 1. HP: 16/16 MP: 1/1
    29 | D:1      | Found Ehen's Antique Weapon Shop.
   253 | D:1      | Reached skill level 3 in Polearms
   253 | D:1      | Reached skill level 1 in Armour
   253 | D:1      | Gained mutation: You sometimes gain a little power by
                  | taking damage. [demonic ancestry]
   253 | D:1      | Reached XP level 2. HP: 13/20 MP: 2/2
   363 | D:1      | Found Zotepnei's Book Shoppe.
   501 | D:1      | Found Cimnomnu's Jewellery Shop.
   532 | D:1      | Found a faded altar of an unknown god.
   550 | D:1      | Found Fite's Weapon Emporium.
   792 | D:2      | Reached XP level 3. HP: 27/27 MP: 3/3
  1432 | D:3      | Identified the +2 sling of Ithrabb {freeze, Int+3}
  1702 | D:3      | Gained mutation: You have a pair of small horns on your
                  | head. [demonic ancestry]
  1702 | D:3      | Reached XP level 4. HP: 32/33 MP: 4/4
  2069 | D:3      | Reached skill level 4 in Polearms
  2079 | D:3      | Reached XP level 5. HP: 17/38 MP: 5/5
  2505 | D:4      | Found a sand-covered staircase.
  2514 | Ossuary  | Entered an ossuary
  2566 | Ossuary  | Gained mutation: You regenerate magic rapidly. [demonic
                  | ancestry]
  2566 | Ossuary  | Reached XP level 6. HP: 17/44 MP: 6/6
  2970 | D:5      | Entered Level 5 of the Dungeon
  2975 | D:5      | Reached skill level 5 in Polearms
  3293 | D:4      | Identified the +0 pair of gloves "Jih Kuim" {Int-4 Dex+5}
  3799 | D:5      | Reached XP level 7. HP: 50/50 MP: 7/7
  3919 | D:5      | Found a runed translucent door.
  3927 | D:5      | Noticed Esekla's ghost (weakling VSDe)
  3945 | D:5      | Killed Esekla's ghost
  4022 | D:5      | Reached skill level 6 in Polearms
  4022 | D:5      | Reached skill level 5 in Armour
  4111 | D:5      | You fall into a shaft and drop 1 floor!
  4309 | D:5      | Slain by an ogre

Illustrated notes

Levels and vault maps discovered:
D:1:      dpeg_arrival_stone_temple_mockup, layout_basic, serial_shops, shop,
          shop, nicolae_square_shop, nicolae_shop_advertising_works
          [nicolae_subvault_shop_adworks], basic_ecumenical_altar,
          minmay_misc_feat_alley, minmay_tripent
D:2:      layout_loops_ring, hex_medium, kennysheep_decorative_pillar
D:3:      layout_loops_ring, kennysheep_orc_chapel
D:4:      layout_basic, enter_ossuary_1, kennysheep_small_spiral
D:5:      layout_rooms, ebering_ghost_sewer_d
D:6:      layout_basic, minmay_temple_entry_glassed_door

Skill      XL: |  1  2  3  4  5  6  7 |
---------------+----------------------+-----
Polearms       | 3 4 5 6 |  6.3
Armour         | 1 2 3 4 5 |  5.5
Fighting       | 3 |  3.0
Throwing       | |  1.7
Dodging        | |  2.6

Action                     |  1- 3 |  4- 6 |  7- 9 || total
---------------------------+-------+-------+-------++-------
  Melee: Trident           |   122 |   143 |    49 ||   314
         Punch             |     1 |       |       ||     1
         Headbutt          |       |    26 |    10 ||    36
  Throw: Throwing net      |       |     1 |     1 ||     2
  Evoke: Wand              |       |     9 |     2 ||    11
    Use: Potion            |       |     2 |       ||     2
         Scroll            |       |    12 |     1 ||    13
   Stab: Held in net/web   |       |     1 |     1 ||     2
 Armour: Leather armour    |    27 |    14 |       ||    41
         Ring mail         |       |    25 |    15 ||    40
  Dodge: Dodged            |    66 |    59 |    25 ||   150

Table legend: (Time is in decaauts)
 A = Elapsed time spent in this place.
 B = Non-inter-level travel time spent in this place.
 C = Inter-level travel time spent in this place.
 D = Time resting spent in this place.
 E = Time spent auto-exploring this place.
 F = Levels seen in this place.
 G = Mean time per level.
                   A        B        C        D        E       F      G
               +--------+--------+--------+--------+--------+-----+--------+
         Total |   4338 |   4202 |    136 |    100 |   2458 |   7 |  619.7 |
       Dungeon |   3903 |   3767 |    136 |    100 |   2267 |   6 |  650.5 |
       Ossuary |    435 |    435 |      0 |      0 |    191 |   1 |  435.0 |
               +--------+--------+--------+--------+--------+-----+--------+

Top non-repeatable levels by time:
     D:4: 1028 daAuts
     D:3: 943 daAuts
     D:1: 729 daAuts
     D:2: 617 daAuts
     D:5: 546 daAuts
 Ossuary: 435 daAuts
     D:6: 37 daAuts
